 Dungeon Crawl Stone Soup version 0.31-a0-210-gccc998df9b (webtiles) character file.

Game seed: 12484498753517895589

138 qw the Chopper (level 5, -4/32 HPs)
             Began as a Gargoyle Fighter on June 29, 2023.
             Slain by a gnoll
             ... wielding a +0 spear
              (8 damage)
             ... on level 3 of the Dungeon.
             The game lasted 00:00:59 (2013 turns).

qw the Chopper (Gargoyle Fighter)                   Turns: 2013, Time: 00:00:59

Health: -4/32      AC: 16    Str: 19    XL:     5   Next: 21%
Magic:  5/5        EV:  4    Int:  9    God:
Gold:   99         SH: 13    Dex:  7    Spells: 4/4 levels left

rFire   . . .        Y - +3 war axe (flame)
rCold   . . .        b - +2 tower shield
rNeg    + . .        l - +0 chain mail
rPois   inf          (no helmet)
rElec   +            (no cloak)
rCorr   .            g - +0 pair of gloves
SInv    .            i - +1 pair of boots
Will    .....        (no amulet) Stlth
                     (no ring)
HPRegen 0.25/turn    (no ring)
MPRegen 0.09/turn

%: no passive effects
@: no status effects
A: sickness immunity, AC +4, negative energy resistance 1, electricity
resistance, torment resistance 1, petrification resistance, clumsy 1, weak 1
a: no special abilities


You were on level 3 of the Dungeon.
You visited 1 branch of the dungeon, and saw 3 of its levels.

You collected 99 gold pieces.


Innate Abilities, Weirdness & Mutations

You are immune to sickness and miasma.
Your stone body is resilient. (AC +4)
You are immune to poison.
You resist negative energy. (rN+)
You are resistant to electric shocks. (rElec)
You are resistant to unholy torment.
You are immune to petrification.
You are clumsy. (Dex -2)
You are weak. (Str -2)


   Skills:
 - Level 3.2 Fighting
 - Level 4.2 Axes
 - Level 3.2 Armour
 + Level 4.2 Shields


You had 4 spell levels left.
You didn't know any spells.
Your spell library was empty.

Inventory:

Hand Weapons
 Y - a +3 war axe of flaming (weapon)
Armour
 b - a +2 tower shield (worn)
 g - a +0 pair of gloves (worn)
 i - a +1 pair of boots (worn)
 l - a +0 chain mail (worn)
Scrolls
 a - a scroll of identify
Potions
 d - a potion of might
 e - a potion of mutation
 m - a potion of brilliance {unknown}

Dungeon Overview and Level Annotations

Branches:
Dungeon (3/15)

Altars:
Zin


Message History

The gnoll hits you but does no damage.
The dart slug bites you but does no damage.
You block the gnoll's attack.
The gnoll hits you from afar with a +0 spear.
The gnoll hits you but does no damage.
You hit the dart slug. You burn the dart slug.
The dart slug is almost dead.
You closely miss the gnoll. You block the dart slug's attack.
The gnoll hits you but does no damage. You block the gnoll's attack.
You slash the dart slug! You burn the dart slug.
You kill the dart slug!
You hit the gnoll. You burn the gnoll. You barely miss the gnoll.
You block the gnoll's attack.
The gnoll hits you from afar with a +2 halberd of freezing!
The gnoll freezes you.
The gnoll hits you but does no damage. x2
You block the gnoll's attack. x2; The gnoll hits you but does no damage.
You slash the gnoll! You burn the gnoll.
You kill the gnoll!
You slash the gnoll! You burn the gnoll. The gnoll hits you but does no damage.
You block the gnoll's attack.
The gnoll hits you from afar with a +2 halberd of freezing!
The gnoll freezes you.
Your Shields skill increases to level 4!
You slash the gnoll! You burn the gnoll.
You kill the gnoll!
You block the gnoll's attack.
The gnoll hits you but does no damage. x3
The gnoll hits you but does no damage. You block the gnoll's attack.
Things that are here:
a +0 hand axe; a +0 ring mail; the human corpse of Terence You hit the gnoll.
You burn the gnoll.
The gnoll is heavily wounded.
You barely miss the gnoll.
You block the gnoll's attack. x2; The gnoll completely misses you.
The gnoll hits you with a +0 spear.
You hit the gnoll. You burn the gnoll.
The gnoll is severely wounded.
You hit the gnoll. You burn the gnoll. You block the gnoll's attack.
The gnoll hits you with a +0 spear!
You die...

........... #
#....[.....
#.####...#.......##.#
#..........#.# #....#
.............# #....
.............#.#...#
........)....#.#...#####
......g@.:...#.........#
......g.).$..###...# #.#
...................# #.#
................>..# #.#
......##...........###.#
...... #...........#....
#..... #...#######.#%###
#..... ###.# #........
#. #.#.###.#


You could see 2 gnolls.

Vanquished Creatures
  Terence (D:3)
  2 gnolls (D:3)
  3 adders (D:2)
  A worm (D:2)
  4 dart slugs
  5 endoplasms
  3 giant cockroaches (D:1)
  2 goblins (D:2)
  8 hobgoblins
  2 jackals (D:2)
  A quokka (D:1)
  6 ball pythons
  7 bats
  4 frilled lizards
  A kobold (D:1)
  6 rats
56 creatures vanquished.

Notes
Turn   | Place    | Note
-------+----------+-------------------------------------------
     0 | D:1      | qw the Gargoyle Fighter began the quest for the Orb.
     0 | D:1      | Reached XP level 1. HP: 14/14 MP: 1/1
     0 | D:1      | 0 ||| qw: Version: 0.3-a-24-ga2abf7b
     0 | D:1      | 0 ||| qw: Game counter: 6760
     0 | D:1      | 0 ||| qw: Melee chars always use a shield: true
     0 | D:1      | 0 ||| qw: God list: Okawaru
     0 | D:1      | 0 ||| qw: Allow faded altars: false
     0 | D:1      | 0 ||| qw: Do Orc after clearing Dungeon:15 true
     0 | D:1      | 0 ||| qw: Do second Lair branch before Depths: true
     0 | D:1      | 0 ||| qw: Lair rune preference: random
     0 | D:1      | 0 ||| qw: Goals: Normal, Zot:1-4, Slime:5, God:TSO, Crypt,
                  | Tomb, Abyss, Pan, Hells, Win
     0 | D:1      | 0 ||| PLANNING D:1-11
    82 | D:1      | 82 ||| Stepping ~*~*~tactically~*~*~ (stealth).
    83 | D:1      | 83 ||| Stepping ~*~*~tactically~*~*~ (stealth).
   207 | D:1      | Reached XP level 2. HP: 19/19 MP: 2/2
   492 | D:1      | Reached skill level 3 in Axes
   508 | D:1      | Reached XP level 3. HP: 20/23 MP: 3/3
   715 | D:1      | 715 ||| DROPPING +0 mace.
   902 | D:1      | 902 ||| UPGRADING to +0 pair of boots.
   907 | D:1      | 907 ||| UPGRADING to +0 chain mail.
   917 | D:1      | 917 ||| DROPPING +0 scale mail.
   918 | D:1      | 918 ||| READING 3 scrolls labelled KIONYXK ADEIS.
   919 | D:1      | 919 ||| READING scroll labelled WYEDAN WEYPNIV.
   920 | D:1      | 920 ||| READING scroll labelled LAHUKO SUPYRI.
   921 | D:1      | 921 ||| READING scroll labelled HEWUOSTISTRO.
   921 | D:1      | Identified a scroll of acquirement
   921 | D:1      | 921 ||| ACQUIRING +3 war axe of flaming
   921 | D:1      | Acquired a +3 war axe of flaming
   923 | D:1      | 923 ||| SWAPPING to +3 war axe of flaming.
   924 | D:1      | 924 ||| DROPPING +0 mace of protection.
   925 | D:1      | 925 ||| DROPPING +0 war axe.
   926 | D:1      | 926 ||| READING scroll labelled XAGACS DUQEA.
   927 | D:1      | 927 ||| READING 2 scrolls of identify.
   927 | D:1      | 927 ||| IDENTIFYING bubbling red potion
   928 | D:1      | 928 ||| DROPPING potion of ambrosia.
   963 | D:2      | Found a faded altar of an unknown god.
   974 | D:2      | 974 ||| READING scroll of enchant armour.
   974 | D:2      | 974 ||| ENCHANTING +0 pair of boots.
  1005 | D:2      | 1005 ||| Stepping ~*~*~tactically~*~*~ (stealth).
  1006 | D:2      | 1006 ||| Stepping ~*~*~tactically~*~*~ (stealth).
  1043 | D:2      | 1043 ||| Stepping ~*~*~tactically~*~*~ (hiding).
  1176 | D:2      | Reached XP level 4. HP: 27/28 MP: 4/4
  1194 | D:2      | 1194 ||| Stepping ~*~*~tactically~*~*~ (hiding).
  1339 | D:2      | 1339 ||| Stepping ~*~*~tactically~*~*~ (stealth).
  1341 | D:2      | 1341 ||| Stepping ~*~*~tactically~*~*~ (stealth).
  1342 | D:2      | 1342 ||| Stepping ~*~*~tactically~*~*~ (stealth).
  1678 | D:2      | Found a glowing silver altar of Zin.
  1913 | D:2      | 1913 ||| UPGRADING to +2 tower shield.
  1923 | D:2      | 1923 ||| DROPPING +0 buckler.
  1924 | D:2      | 1924 ||| UPGRADING to +0 pair of gloves.
  1929 | D:2      | 1929 ||| READING scroll labelled WOENEFEUGU.
  1933 | D:2      | 1933 ||| DRINKING 2 viscous cyan potions.
  1933 | D:2      | Gained mutation: You are weak. (Str -2) [potion of
                  | mutation]
  1933 | D:2      | Gained mutation: You are clumsy. (Dex -2) [potion of
                  | mutation]
  2000 | D:3      | Noticed Terence
  2005 | D:3      | Killed Terence
  2006 | D:3      | Reached XP level 5. HP: 31/32 MP: 5/5
  2009 | D:3      | HP: 7/32 [gnoll/+2 halberd of freezing (9)]
  2012 | D:3      | HP: 3/32 [gnoll/+0 spear (3)]
  2013 | D:3      | Slain by a gnoll

Levels and vault maps discovered:
D:1:      eino_arrival_cavern_a, layout_loops_ring, serial_bayou_ford_a,
          dreamdust_princess_corridor, minmay_pentomino_w2
D:2:      layout_basic, basic_altar, shapermc_ecumenical_altar_mp_ritualfount,
          serial_corexii_hall, corexii_hall_statues_s, corexii_hall_statues_s
D:3:      layout_basic, uniq_terence

Skill      XL: |  1  2  3  4  5 |
---------------+----------------+-----
Axes           | 2 3 4 |  4.2
Shields        | 4 |  4.2
Fighting       | |  3.2
Armour         | |  3.2

Action                     |  1- 3 |  4- 6 || total
---------------------------+-------+-------++-------
  Melee: War axe           |    80 |    41 ||   121
    Use: Scroll            |     7 |     1 ||     8
         Potion            |       |     1 ||     1
 Armour: Scale mail        |    19 |       ||    19
         Chain mail        |    20 |    29 ||    49
  Dodge: Dodged            |    36 |    10 ||    46
  Block: Buckler           |    15 |       ||    15
         Tower shield      |       |    15 ||    15

Table legend:
 A = Non-vault XP
 B = Vault XP
 C = Vault XP percentage of total XP
 D = Non-vault monster count
 E = Vault monster count
 F = Vault count percentage of total count
                 A         B        C        D         E       F
            +---------+---------+-------+---------+---------+-------
      Total |     158 |      40 |  20.2 |      53 |       3 |   5.4
            +---------+---------+-------+---------+---------+-------
        D:1 |      33 |       4 |  10.8 |      20 |       2 |   9.1
        D:2 |      90 |       0 |   0.0 |      28 |       0 |   0.0
        D:3 |      35 |      36 |  50.7 |       5 |       1 |  16.7
            +---------+---------+-------+---------+---------+-------
